 Dungeon Sprint DCSS version 0.20-a0-1089-g3fde505 (webtiles) character file.

12 potatolord5000 the Cleaver (level 6, -2/63 HPs)
             Began as a Hill Orc Fighter on May 4, 2017.
             Was an Initiate of Gozag.
             Slain by Crazy Yiuf
             ... wielding a +3 quarterstaff of chaos
              (12 damage)
             ... in the Dungeon (Sprint VI: "Thunderdome").
             The game lasted 00:03:58 (302 turns).

potatolord5000 the Cleaver (Hill Orc Fighter)        Turns: 302, Time: 00:03:59

Health: -2/63      AC:  0    Str: 21    XL:     6   Next: 70%
Magic:  2/6        EV: 13    Int:  8    God:    Gozag
Gold:   350        SH:  0    Dex: 10    Spells: 5/5 levels left

rFire    . . .     SeeInvis .   (weapon currently unavailable)
rCold    . . .     Gourm    .   (shield currently unavailable)
rNeg     . . .     Faith    .   (armour currently unavailable)
rPois    .         Spirit   .   (helmet currently unavailable)
rElec    .         Reflect  .   (cloak currently unavailable)
rCorr    .         Harm     .   (gloves currently unavailable)
MR       .....     NoTele   +   (boots currently unavailable)
Stlth    +.........             (no amulet)
Regen    0.2/turn               (ring currently unavailable)
MPRegen  0.1/turn               (ring currently unavailable)

@: pig-form (expiring), very quick
A: no striking features
a: Potion Petition, Call Merchant, Bribe Branch, Renounce Religion


You were in the Dungeon.
You worshipped Gozag.
Gozag was aware of your devotion.
You were not hungry.
You were a filthy swine.
You visited 1 branch You collected 742 gold pieces.
You spent 392 gold pieces at shops.

Inventory:

Hand Weapons
 a - a +0 war axe (melded)
Armour
 b - a +0 scale mail (melded)
 c - a +0 shield (melded)
 e - the cursed -3 helmet of Imperfection (melded) {*Slow rPois Int+2}
   (You bought it in a shop in the Dungeon)

   It affects your intelligence (+2).
   It protects you from poison.
   It may slow you when you take damage.
   It has a curse placed upon it.
Wands
 d - a wand of flame (14/48)
Scrolls
 j - a scroll of remove curse
 k - 4 scrolls of blinking
Potions
 h - 2 potions of haste
 i - 2 potions of magic
 l - a potion of resistance
Comestibles
 f - a bread ration


   Skills:
 + Level 9.0 Fighting
 + Level 9.3 Axes
 + Level 8.3 Armour
 + Level 8.3 Shields


You had 5 spell levels left.
You didn't know any spells.

Dungeon Overview and Level Annotations

Branches:
Dungeon (1/1)

Altars:
Cheibriados
Dithmenos
Fedhas
Gozag
Kikubaaqudgha
Makhleb
Okawaru
Qazlal
Ru
Sif Muna
Trog
Uskayaw
Vehumet
Wu Jian
Xom
Yredelemnul
Zin
The Shining One
Beogh
Jiyva
Lugonu

Shops:
D *[%??*?*:[((!!!!

Annotations:
D Crazy Yiuf


Message History

* * * LOW HITPOINT WARNING * * *
You hit Crazy Yiuf.
Crazy Yiuf is almost dead.
Crazy Yiuf whimpers, "Peeping ladder senile!"
Crazy Yiuf hits you with a quarterstaff of chaos.
* * * LOW HITPOINT WARNING * * *
You feel your power leaking away.
Okay, then.
A gnoll sergeant comes into view. It is wielding a spear.
The gnoll sergeant shouts!
You hit Crazy Yiuf but do no damage.
Crazy Yiuf is almost dead.
Crazy Yiuf screams, "Lay bag wrapper!"
Crazy Yiuf barely misses you.
You barely miss Crazy Yiuf.
Crazy Yiuf is almost dead.
Your transformation is almost over.
Crazy Yiuf hits you with a quarterstaff of chaos!
You die...
Your body crumbles into a pile of gold.

##∩___......###......___∩#
###∩........8.# #.8........∩
##.............###...........
#⌠........g.###...###........
#⌠..........# #.<.# #........
#⌠..........###...###........
##..........)..###...........
###∩........8.# #.8........∩
##∩___...h..###......_._∩#
######.8g........8.######
#⌠..)........⌠#
###.........### #........_#
#_......._# #_......._#
#∩.......∩# ##∩....)∩##


You could see a gnoll sergeant and Crazy Yiuf.

Vanquished Creatures
  Sigmund (D)
  2 gnoll sergeants (D)
  An orc wizard (D)
  Jessica (D)
  Terence (D)
  2 gnolls (D)
  A bat skeleton (D)
9 creatures vanquished.

Notes
Turn   | Place    | Note
-------+----------+-------------------------------------------
     0 | D        | potatolord5000 the Hill Orc Fighter began the quest for the Orb.
     0 | D        | Reached XP level 1. HP: 19/19 MP: 1/1
     2 | D        | Found an opulent altar of Gozag.
     2 | D        | Found a shadowy altar of Dithmenos.
     3 | D        | Found a stormy altar of Qazlal.
     4 | D        | Found a sacrificial altar of Ru.
     4 | D        | Found a snail-covered altar of Cheibriados.
     5 | D        | Found a blossoming altar of Fedhas.
     5 | D        | Found a roughly hewn altar of Beogh.
     5 | D        | Found Vouseam's Staff Store.
     5 | D        | Found Dyrit's Magic Scroll Shop.
     5 | D        | Round 1.
     6 | D        | Found Neopp's Must-Have Magic.
     6 | D        | Found Neniuhik's Magic Scroll Shop.
     8 | D        | Found a basalt altar of Yredelemnul.
    10 | D        | Found Dotzawan's Distillery.
    12 | D        | Found Ymithral's Distillery.
    12 | D        | Found Usialer's Bottled Wisdom.
    16 | D        | Became a worshipper of Gozag Ym Sagoz the Greedy
    23 | D        | Found a glowing silver altar of Zin.
    23 | D        | Found a shimmering altar of Xom.
    23 | D        | Found Peggisas's Do-It-Yourself Clinic.
    40 | D        | Noticed Jessica
    48 | D        | Killed Jessica
    48 | D        | Reached skill level 5 in Fighting
    48 | D        | Reached XP level 2. HP: 29/29 MP: 2/2
    48 | D        | Reached XP level 3. HP: 36/36 MP: 3/3
    53 | D        | Found an iron altar of Okawaru.
    54 | D        | Found a burning altar of Makhleb.
    63 | D        | Found a deep blue altar of Sif Muna.
    65 | D        | Found Xessoag's Bee Food.
    67 | D        | Found a glowing golden altar of the Shining One.
    67 | D        | Found a radiant altar of Vehumet.
    67 | D        | Found a hide-covered altar of Uskayaw.
    67 | D        | Found Zeoptoq's Identification Station.
    68 | D        | Found Voimitt's Jewellery.
    68 | D        | Found Ossueg's Advanced Armour.
    75 | D        | Found a bloodstained altar of Trog.
    76 | D        | Found a viscous altar of Jiyva.
    77 | D        | Found Xonenk's Premium Goods.
    78 | D        | Found an ancient bone altar of Kikubaaqudgha.
    78 | D        | Found a corrupted altar of Lugonu.
    78 | D        | Found an ornate altar of the Wu Jian Council.
    78 | D        | Found Unoridgh's Weapon Rack.
    78 | D        | Found Axuas's Miscellaneous Merchandise.
    78 | D        | Found Yneroqech's Basic Armour.
    93 | D        | Noticed Terence
   100 | D        | Noticed Sigmund
   108 | D        | Killed Terence
   108 | D        | Reached skill level 5 in Axes
   108 | D        | Reached skill level 5 in Armour
   108 | D        | Reached skill level 5 in Shields
   117 | D        | Reached XP level 4. HP: 28/44 MP: 4/4
   129 | D        | Killed Sigmund
   129 | D        | Arena points: 12 (+12) [x2]
   129 | D        | Reached XP level 5. HP: 29/53 MP: 5/5
   129 | D        | Reached XP level 6. HP: 34/61 MP: 6/6
   148 | D        | Bought a spiked helmet for 332 gold pieces
   153 | D        | Identified the cursed -3 helmet of Imperfection {*Slow rPois Int+2} (You bought it in a shop in the Dungeon)
   196 | D        | Round 2.
   232 | D        | Bought a scroll of remove curse for 60 gold pieces
   278 | D        | Noticed Crazy Yiuf
   302 | D        | Slain by Crazy Yiuf

Vault maps used:
D:        arena_sprint

Skill      XL: |  1  2  3  4  5  6 |
---------------+-------------------+-----
Fighting       | 5 6 8 9 |  9.0
Axes           | 4 5 8 9 |  9.3
Armour         | 4 5 7 8 |  8.3
Shields        | 4 5 7 8 |  8.3

Action                   |  1- 3 |  4- 6 || total
-------------------------+-------+-------++-------
Melee: War axe           |    18 |    47 ||    65
       Unarmed           |       |     6 ||     6
  Use: Potion            |     6 |     3 ||     9
Armor: Scale mail        |    19 |     5 ||    24
Dodge: Dodged            |    12 |    12 ||    24
Block: Shield            |    19 |    20 ||    39
